 Dungeon Crawl Stone Soup version 0.21.1-1-g345015f (webtiles) character file.

303 Fang the Chopper (level 6, -1/39 HPs)
             Began as a Gargoyle Berserker on June 20, 2018.
             Was a Believer of Trog.
             Slain by an ogre
             ... wielding a +0 giant club
              (24 damage)
             ... on level 4 of the Dungeon.
             The game lasted 00:02:20 (2471 turns).

Fang the Chopper (Gargoyle Berserker)               Turns: 2471, Time: 00:02:20

Health: -1/39      AC:  6    Str: 22    XL:     6   Next: 38%
Magic:  6/6        EV: 12    Int:  8    God:    Trog [**....]
Gold:   160        SH:  0    Dex:  9    Spells: 5/5 levels left

rFire    . . .     SeeInvis .   a - +0 hand axe
rCold    . . .     Gourm    .   (no shield)
rNeg     + . .     Faith    .   b - +0 animal skin
rPois    ∞         Spirit   .   (no helmet)
rElec    +         Reflect  .   (no cloak)
rCorr    .         Harm     .   (no gloves)
MR       .....                  (no boots)
Stlth    +.........             (no amulet)
HPRegen  0.13/turn              (no ring)
MPRegen  0.10/turn              (no ring)

@: no status effects
A: negative energy resistance 1, electricity resistance, unbreathing,
petrification resistance, rot immunity, AC +4
a: Berserk, Trog's Hand, Burn Spellbooks, Renounce Religion


You were on level 4 of the Dungeon.
You worshipped Trog.
Trog was pleased with you.
You were hungry.

You visited 1 branch of the dungeon, and saw 4 of its levels.

You collected 160 gold pieces.

Inventory:

Hand Weapons
 a - a +0 hand axe (weapon)
Armour
 b - a +0 animal skin (worn)
Jewellery
 h - an uncursed amulet of rage {unknown}
 o - an uncursed ring of magical power {unknown}
 r - an uncursed ring of see invisible {unknown}
Scrolls
 d - 2 scrolls of enchant weapon {unknown}
 e - 8 scrolls of identify {unknown}
 f - a scroll of amnesia {unknown}
 j - a scroll of enchant armour {unknown}
 k - a scroll of fear {unknown}
 l - a scroll of teleportation {unknown}
 p - a scroll of remove curse {unknown}
Potions
 g - 3 potions of magic {unknown}
 i - 2 potions of lignification {unknown}
 m - a potion of flight {unknown}
 n - 2 potions of heal wounds {unknown}
 q - a potion of brilliance {unknown}
Comestibles
 c - 12 rations


   Skills:
 + Level 4.5 Fighting
 + Level 4.8 Axes
 + Level 2.2 Armour
 + Level 2.9 Dodging
 + Level 1.3 Stealth


You had 5 spell levels left.
You didn't know any spells.

Dungeon Overview and Level Annotations

Branches:
Dungeon (4/15)
 Temple: D:4-7

Altars:


Innate Abilities, Weirdness & Mutations

You are resistant to torment.
Your stone body is resilient. (AC +4)
You are immune to poison.
You resist negative energy. (rN+)
You are resistant to electric shocks. (rElec)
You can survive without breathing.
You are immune to petrification.
You are immune to rotting.


Message History

You destroy the hound skeleton!
Trog accepts your kill.
Found a stone staircase leading down.
An orc comes into view. It is wielding a hand axe.
An ogre comes into view. It is wielding a giant club.
There are monsters nearby!
There are monsters nearby!
You hit the orc but do no damage. The orc hits you with a hand axe.
You slash the ogre!
The ogre is moderately wounded.
You hit the orc but do no damage. The ogre hits you with a giant club!
The orc hits you but does no damage.
You hit the ogre.
The ogre is moderately wounded.
You hit the orc but do no damage. The orc closely misses you.
You slash the ogre!
The ogre is severely wounded.
You barely miss the orc. The ogre hits you with a giant club!!
Ouch! That really hurt!
You die...

.....#.......# #. ##
####.#.#####.# .. #
...#.#.#...#.# .. #
.#...#.#.#...#
.#####.#.##############.
.......#...........>....
##############.......###
................#
####.....@o......
#.......O....##
................
#.###..........## #
##........## #........#
.......... #..........#


You could see an ogre and an orc.

Vanquished Creatures
  An ogre (D:3)
  A bullfrog (D:3)
  Jessica (D:2)
  A hound skeleton (D:4)
  5 adders
  An ooze (D:4)
  3 worms
  3 leopard geckos
  6 orcs (D:3)
  4 bats
  A giant cockroach (D:3)
  5 goblins
  4 hobgoblins
  5 jackals (D:1)
  7 frilled lizards
  4 kobolds
  5 rats
57 creatures vanquished.

Notes
Turn   | Place    | Note
-------+----------+-------------------------------------------
     0 | D:1      | Fang the Gargoyle Berserker began the quest for the Orb.
     0 | D:1      | Reached XP level 1. HP: 14/14 MP: 1/1
    81 | D:1      | Reached XP level 2. HP: 8/19 MP: 2/2
   570 | D:2      | Reached XP level 3. HP: 9/23 MP: 3/3
   832 | D:2      | Noticed Jessica
   841 | D:2      | Killed Jessica
   841 | D:2      | Reached XP level 4. HP: 24/29 MP: 4/4
  1054 | D:3      | Reached ** piety under Trog
  1416 | D:3      | Noticed a bullfrog
  1429 | D:3      | Killed a bullfrog
  1429 | D:3      | Reached XP level 5. HP: 18/33 MP: 5/5
  1929 | D:3      | Reached skill level 1 in Stealth
  1932 | D:3      | Noticed an ogre
  1947 | D:3      | Killed an ogre
  1947 | D:3      | Reached XP level 6. HP: 36/39 MP: 6/6
  2471 | D:4      | Slain by an ogre

Skill      XL: |  1  2  3  4  5 |
---------------+----------------+-----
Axes           | 3 4 |  4.8
Fighting       | 4 |  4.5
Dodging        | 2 |  2.9
Stealth        | 1 |  1.3
Armour         | |  2.2

Action                   |  1- 3 |  4- 6 || total
-------------------------+-------+-------++-------
Melee: Hand axe          |    68 |   133 ||   201
Invok: Berserk           |     2 |     3 ||     5
  Eat: Chunk             |     2 |     7 ||     9
Armor: Animal skin       |    30 |    49 ||    79
Dodge: Dodged            |    66 |   106 ||   172
